Map: Ascension to Aiur LE

Players

Yata - Winner!

  • Race: Zerg Zerg
  • League: Platinum
  • Spawn Location: 11:00

MAYHEM

  • Race: Protoss Protoss
  • League: Platinum
  • Spawn Location: 5:00

VOD

Have the link to the VOD?

Description

Time

  • Played on: Oct. 12, 2017, 8:41 p.m.
  • Length: 4:47
Show
View Real Time Build Order
Export as new Build Order

Yata Zerg - Winner!

Build Orders: Hatch First 

Get SALT Encoding   

  12  0:01  Drone  
  13  0:12  Overlord  
  13  0:17  Drone  
  14  0:30  Drone x2  
  14  0:35  Drone  
  17  0:53  Hatchery  
  17  0:56  Drone  
  17  1:04  Drone  
  17  1:10  Extractor  
  17  1:18  Spawning Pool  
  16  1:19  Drone  
  16  1:22  Drone  
  18  1:28  Drone  
  19  1:39  Overlord  
  19  1:50  Drone  
  20  2:01  Drone  
  20  2:05  Queen  
  20  2:07  Queen  
  25  2:11  Zergling x4  
  25  2:13  Metabolic Boost  
  27  2:17  Drone  
  27  2:21  Evolution Chamber  
  27  2:25  Drone  
  28  2:37  Drone x2  
  28  2:43  Baneling Nest  
  29  2:46  Drone  
  29  2:47  Drone  
  31  2:52  Zergling x2  
  32  3:10  Pneumatized Carapace  
  32  3:11  Overlord x3  
  32  3:18  Drone x4  
  36  3:31  Zergling x10  
  41  3:41  Overlord  
  41  3:54  Drone  
  41  3:55  Drone x7  
  49  3:58  Baneling x4  
  49  4:13  Drone  
  49  4:14  Extractor, Drone  
  50  4:19  Hatchery  
Show
View Real Time Build Order
Export as new Build Order

MAYHEM Protoss 

Build Orders: 1 Gate Expand, Dark Templar Rush 

Get SALT Encoding   

  12  0:01  Probe (Chrono Boost)  
  13  0:11  Probe (Chrono Boost)  
  14  0:20  Pylon  
  14  0:23  Probe (Chrono Boost)  
  15  0:39  Probe (Chrono Boost)  
  15  0:41  Gateway  
  16  0:52  Probe (Chrono Boost)  
  17  1:03  Probe (Chrono Boost)  
  18  1:17  Nexus  
  18  1:21  Probe (Chrono Boost)  
  19  1:26  Assimilator  
  19  1:38  Cybernetics Core  
  19  1:41  Probe (Chrono Boost)  
  19  1:44  Assimilator  
  20  1:52  Probe (Chrono Boost)  
  21  2:02  Probe (Chrono Boost)  
  22  2:11  Pylon  
  22  2:15  Warp Gate (Chrono Boost)  
  22  2:18  Gateway  
  22  2:28  Mothership Core  
  22  2:29  Adept  
  26  2:48  Probe  
  26  2:51  Twilight Council  
  27  2:54  Probe  
  28  2:58  Probe  
  28  3:01  Stalker  
  31  3:07  Probe  
  31  3:09  Probe  
  33  3:13  Zealot  
  33  3:19  Probe  
  36  3:26  Gateway  
  36  3:32  Gateway  
  36  3:57  Dark Shrine  
  36  4:03  Gateway  
  36  4:05  Pylon  
  36  4:13  Adept x2, Probe  
  36  4:15  Probe  
  42  4:23  Assimilator  
  42  4:24  Probe  
  42  4:27  Assimilator, Probe  
  44  4:35  Probe  
Tags
 
Add a new tag
Caveats
  • Supply blocks, unpowered buildings, or Contaminate may cause inaccurate times.
  • Supply counts are checked every 10 seconds.